 Dungeon Crawl Stone Soup version 0.22-a0 (webtiles) character file.

680957 Megalobster the Ruinous (level 27, -27/151 HPs)
             Began as a Deep Elf Fire Elementalist on Dec 31, 2017.
             Was the Champion of Vehumet.
             Annihilated by an Orb Guardian (29 damage)
             ... on level 5 of the Realm of Zot on Jan 1, 2018.
             The game lasted 09:30:30 (108995 turns).

Megalobster the Ruinous (DEFE)                    Turns: 108995, Time: 09:30:30

Health: -27/151    AC: 15    Str:  4    XL:     27
Magic:  19/67      EV: 36    Int: 32    God:    Vehumet [******]
Gold:   4604       SH: 18    Dex: 27    Spells: 3/73 levels left

rFire    + + .     SeeInvis +   k - staff of power
rCold    + + +     Gourm    .   h - +2 shield of Resistance {rF+ rC+ MR+}
rNeg     + + +     Faith    .   u - +1 leather armour of the Cockroach {rN++ Int+3 Dex+2}
rPois    .         Spirit   .   C - +2 helmet {SInv}
rElec    .         Reflect  +   I - scarf {rC+ rF+}
rCorr    .         Harm     .   s - +2 pair of gloves
MR       +++++                  R - +2 pair of boots of the Assassin {Detection Stab+ Stlth++}
Stlth    ++++++....             H - amulet "Elokhac" {Reflect rC+ Dex+2 SH+3}
HPRegen  0.35/turn              F - ring of Spite {+Blink MR++ Str-2 Dex+3}
MPRegen  0.40/turn              d - ring "Rauss" {Wiz rN+}

@: agile, about to teleport
A: clumsy 1, dopey 1, frail 1, sense surroundings 1, subdued magic 1
}: 4/15 runes: decaying, slimy, silver, gossamer
a: Renounce Religion, Evoke Blink


You were on level 5 of the Realm of Zot.
You worshipped Vehumet.
Vehumet was exalted by your worship.
You were not hungry.

You visited 11 branches of the dungeon, and saw 55 of its levels.
You also visited: Bailey, Ice Cave and Wizlab.

You collected 7667 gold pieces.
You spent 3063 gold pieces at shops.

Inventory:

Hand Weapons
 a - the +9 demon blade of Abiho {slice, rElec Str+2}
   (You found it in an ice cave)

   It inflicts extra damage upon your enemies.
   It affects your strength (+2).
   It insulates you from electricity.
Armour
 h - the +2 shield of Resistance (worn) {rF+ rC+ MR+}
   (You found it on level 5 of the Pits of Slime)

   It protects you from fire.
   It protects you from cold.
   It affects your resistance to hostile enchantments.
 n - a +2 robe of the Archmagi
 s - a +2 pair of gloves (worn)
 u - the +1 leather armour of the Cockroach (worn) {rN++ Int+3 Dex+2}
   (You found it on level 4 of the Realm of Zot)

   It affects your intelligence (+3).
   It affects your dexterity (+2).
   It greatly protects you from negative energy.
 w - a +2 robe of positive energy
 C - a +2 helmet of see invisible (worn)
 I - a scarf of resistance (worn)
 R - the +2 pair of boots of the Assassin (worn) {Detection Stab+ Stlth++}
   (You found it in an ice cave)

   It makes you much more stealthy.
Magical Staves
 b - an uncursed staff of conjuration
 k - an uncursed staff of power (weapon)
 S - an uncursed staff of energy
Jewellery
 d - the ring "Rauss" (right hand) {Wiz rN+}
   (You bought it in a shop on level 1 of the Orcish Mines)

   [ring of wizardry]

   It improves your spell success rate.
   It protects you from negative energy.
 z - an uncursed ring of fire
 F - the ring of Spite (left hand) {+Blink MR++ Str-2 Dex+3}
   (You found it in an ice cave)

   [ring of dexterity]

   It affects your strength (-2).
   It affects your dexterity (+3).
   It affects your resistance to hostile enchantments.
   It lets you blink.
 H - the amulet "Elokhac" (around neck) {Reflect rC+ Dex+2 SH+3}
   (You found it on level 5 of the Dungeon)

   [amulet of reflection]

   It shields you and reflects attacks.
   It affects your dexterity (+2).
   It protects you from cold.
   It affects your SH (+3).
Wands
 l - a wand of disintegration (42)
 y - a wand of iceblast (28)
 D - a wand of digging (30)
 E - a wand of clouds (9)
 Q - a wand of scattershot (15)
 X - a wand of enslavement (16)
Scrolls
 e - 26 scrolls of remove curse
 f - 11 scrolls of magic mapping
 v - 22 scrolls of teleportation
 x - a scroll of enchant armour
 J - 2 scrolls of summoning
 L - 6 scrolls of fog
 M - a scroll of amnesia
 O - 5 scrolls of identify
 U - 5 scrolls of blinking
 Z - 7 scrolls of fear
Potions
 g - 2 potions of haste
 i - 7 potions of brilliance
 j - 17 potions of curing
 o - 2 potions of agility
 p - 4 potions of mutation
 q - 4 potions of heal wounds
 r - 7 potions of ambrosia
 t - 10 potions of lignification
 B - a potion of cancellation
 G - 8 potions of flight
 K - a potion of invisibility
Miscellaneous
 m - a phial of floods
 P - a lightning rod (4/4)
 V - a lamp of fire
Comestibles
 c - 17 rations


   Skills:
 + Level 15.9 Fighting
 - Level 9.0 Armour
 + Level 20.6 Dodging
 - Level 2.4 Stealth
 * Level 12.9 Shields
 - Level 23.5 Spellcasting
 * Level 23.6 Conjurations
 - Level 8.7 Summonings
 + Level 22.3 Fire Magic
 - Level 16.8 Earth Magic
 - Level 2.5 Poison Magic
 - Level 7.4 Evocations


You had 3 spell levels left.
You knew the following spells:

 Your Spells              Type           Power        Failure   Level  Hunger
a - Flame Tongue          Conj/Fire      #####        0%          1    None
b - Poison Arrow          Conj/Pois      #######...   1%          6    None
c - Fire Storm            Conj/Fire      #######...   1%          9    #####..
d - Sticky Flame          Conj/Fire      #######.     0%          4    None
e - Fireball              Conj/Fire      #######...   0%          5    None
f - Ignition              Fire           #######...   1%          8    ###....
g - Summon Lightning Spi  Summ/Air       ######..     1%          4    None
h - Bolt of Fire          Conj/Fire      #######...   0%          6    None
i - Apportation           Tloc           ####..       1%          1    None
j - Orb of Destruction    Conj           #######...   1%          7    None
k - Iron Shot             Conj/Erth      #######...   1%          6    None
l - Shadow Creatures      Summ           N/A          1%          6    None
m - Spellforged Servitor  Conj/Summ      #######...   1%          7    None


Dungeon Overview and Level Annotations

Branches:
Dungeon (15/15)            Temple (1/1) D:6            Lair (6/6) D:10
  Swamp (4/4) Lair:4       Spider (4/4) Lair:3        Slime (5/5) Lair:5
    Orc (2/2) D:12            Elf (3/3) Orc:2        Vaults (5/5) D:13
  Crypt (0/3) Vaults:3     Depths (5/5) D:15            Zot (5/5) Depths:5

Altars:
Ashenzari
Dithmenos
Elyvilon
Gozag
Hepliaklqana
Makhleb
Ru
Trog
Uskayaw
Vehumet
Wu Jian
Xom
Yredelemnul
Zin
Beogh

Shops:
D:8 *   Orc:1 =   Orc:2 :*(   Elf:1 %   Depths:4 }==

Portals:
Hell: Depths:1 Depths:2 Depths:3 Depths:4 Depths:5
Abyss: Depths:4 Depths:5
Pandemonium: Depths:3 Depths:4
Ziggurat: Depths:3


Innate Abilities, Weirdness & Mutations

You are clumsy. (Dex -2)
You are dopey. (Int -2)
You are frail. (-10% HP)
You passively map a small area around you.
Your spells are a little easier to cast, but a little less powerful.


Message History

The bolt of fire misses you. The Orb Guardian completely misses you.
The orb of fire glows red.
Strange energies course through your body.
You feel clumsy. The Orb Guardian barely misses you.
You block the Orb Guardian's attack.
The orb of fire glows red.
The fireball explodes!
The fireball engulfs you! You resist. The Orb Guardian completely misses you.
You feel much better. The Orb Guardian misses you.
The orb of fire emits a lurid red light.
The bolt of fire hits you! You resist. You block the Orb Guardian's attack.
The Orb Guardian hits you!
* * * LOW HITPOINT WARNING * * *
The Orb Guardian hits you!!
* * * LOW HITPOINT WARNING * * *
You block the Orb Guardian's attack.
You feel much better. The Orb Guardian hits you!!!
* * * LOW HITPOINT WARNING * * *
The Orb Guardian hits you!!
You die...

**,,,,,,,................▓*,,,,,
**,,,,,.........(.......▓...,,,
**,,,,......................,,
**,,,,,.................▓....,,
**,,,,,,.............*...▓▓....,
*,,,,,,,.......X.........▓*▓...,
*,,,,,,,.................▓ *▓▓▓*
**,,,,,,......XX*.......▓▓
**,,,,,.......@X.....▓▓▓
****,,........X..▓▓▓▓
***▓▓▓▓▓▓▓▓▓▓▓▓


You could see 2 orbs of fire and 5 Orb Guardians.

Vanquished Creatures
  the Royal Jelly (Slime:5)
  An orb of fire (Zot:5)
  2 ancient liches
  2 curse toes
  Saint Roka (Vaults:1)
  5 caustic shrikes (Depths:5)
  Xtahua (Vaults:3)
  7 golden dragons
  5 liches
  15 tentacled monstrosities
  3 electric golems
  4 Orb Guardians (Zot:5)
  7 quicksilver dragons
  17 acid blobs
  5 titans
  3 deep elf blademasters
  5 death cobs
  6 sphinxes
  The ghost of ZomBoFoB the Bludgeoner, an adept OgGl of the Shining One (Swamp:3)
  Roxanne (Elf:1)
  2 thorn hunters
  10 storm dragons
  3 draconian monks
  10 shadow dragons
  5 tengu reavers
  The ghost of mortelune the Devastator, a journeyman DrCj of Ashenzari (Swamp:1)
  18 azure jellies
  9 fire giants
  A draconian knight (Zot:3)
  2 iron dragons
  7 frost giants
  10 deep elf sorcerers
  22 vault wardens
  A ghoul (Vaults:4)
  3 draconian scorchers
  Aizul (Swamp:4)
  4 draconian stormcallers
  9 ghost moths
  8 emperor scorpions
  7 draconian shifters
  9 deep elf elementalists
  4 war gargoyles
  14 ironheart preservers
  4 draconian annihilators
  12 stone giants
  3 spriggan defenders (Depths:4)
  32 very ugly things
  A vampire knight (Depths:4)
  6 green draconians
  8 black draconians
  3 entropy weavers
  5 deep elf demonologists
  A dire elephant (shapeshifter) (Vaults:5)
  10 red draconians
  Azrael (Spider:3)
  7 spark wasps
  7 deep elf annihilators
  A dire elephant (Lair:6)
  15 white draconians
  Snorg (D:11)
  13 ettins
  8 purple draconians
  7 yellow draconians
  8 death oozes
  A blizzard demon (Depths:1)
  Josephine (D:13)
  10 fire dragons
  2 jiangshi (Depths:3)
  An ettin (shapeshifter) (Vaults:5)
  A merfolk javelineer (Depths:5)
  5 deep elf death magi
  17 yaktaur captains
  6 deep elf high priests
  18 great orbs of eyes
  18 ice dragons
  3 rakshasas
  29 vault guards
  Harold (D:10)
  3 ghost crabs
  6 centaur warriors
  A catoblepas (Lair:6)
  3 spriggan air magi
  A hell beast (Depths:3)
  15 hydras
  13 ogre magi
  9 deep troll shamans
  3 death knights
  A two-headed ogre (shapeshifter) (Elf:1)
  8 alligators
  52 two-headed ogres
  A satyr (shapeshifter) (Depths:2)
  24 dancing weapons
  An anaconda (shapeshifter) (Depths:2)
  7 deep troll earth magi
  6 death yaks (Lair:6)
  3 tengu warriors
  2 vampire magi
  4 orc high priests (Orc:2)
  5 soul eaters
  22 deep elf knights
  5 spriggan berserkers
  2 sun demons (Depths:1)
  3 shadow wraiths
  A storm dragon skeleton (Vaults:4)
  A hell knight (Depths:4)
  6 iron trolls
  6 skeletal warriors (Vaults:2)
  5 swamp dragons
  41 deep trolls
  An infernal demonspawn (Depths:3)
  7 unseen horrors
  2 glowing orange brains
  A flayed ghost (Vaults:4)
  An unseen horror (shapeshifter) (Vaults:1)
  20 deep elf archers
  9 wizards
  A lindwurm (shapeshifter) (Vaults:4)
  A shambling mangrove (Swamp:4)
  19 orc knights
  An obsidian statue (Depths:1)
  4 phantasmal warriors
  An orb spider (shapeshifter) (Vaults:1)
  3 harpies (Vaults:1)
  2 harpies (shapeshifter)
  55 deep elf magi
  16 ironbrand convokers
  5 necromancers
  23 orb spiders
  2 human zombies
  21 wolf spiders
  4 oklob plants
  A salamander (shapeshifter) (Vaults:5)
  7 orc sorcerers
  22 moths of wrath
  2 salamanders (Depths:2)
  A manticore (D:12)
  2 fauns (shapeshifter)
  3 cyclopes
  3 shining eyes
  Joseph (D:8)
  38 ugly things
  4 black mambas
  A rust devil (Depths:3)
  A stone giant skeleton (Vaults:1)
  4 eyes of devastation
  4 elephants (Lair:6)
  A fire giant skeleton (Vaults:1)
  2 naga magi (Depths:4)
  19 vault sentinels
  An eye of devastation (shapeshifter) (Vaults:3)
  2 ice statues (IceCv)
  A guardian serpent (shapeshifter) (Depths:3)
  9 centaur zombies
  A water nymph (shapeshifter) (Vaults:4)
  An orange demon (Depths:1)
  A gargoyle (D:14)
  A kobold demonologist (D:11)
  An efreet (Zot:3)
  12 spiny frogs
  A torpor snail (shapeshifter) (Vaults:5)
  A rime drake (Lair:1)
  16 demonic crawlers
  19 freezing wraiths
  3 komodo dragons
  A hellwing (Depths:2)
  80 yaktaurs
  28 jumping spiders
  A queen bee (D:10)
  5 ice devils
  A jumping spider (shapeshifter) (Vaults:3)
  A meliai (shapeshifter) (Depths:3)
  A polar bear (D:14)
  7 tengu conjurers
  A queen bee (shapeshifter) (Vaults:3)
  17 trolls
  A merfolk (shapeshifter) (Vaults:5)
  21 hornets
  4 bog bodies
  Prince Ribbit (D:7)
  A wind drake (shapeshifter) (Vaults:1)
  149 slime creatures
  3 dream sheep (Lair:6)
  6 hippogriffs
  7 tyrant leeches
  21 blink frogs
  29 tarantellas
  A redback (shapeshifter) (Vaults:5)
  2 air elementals (Elf:2)
  2 wyverns
  66 redbacks
  6 spriggans
  5 vampires
  A tarantella (shapeshifter) (Depths:4)
  A spriggan (shapeshifter) (Vaults:3)
  15 water elementals
  A shadow (Swamp:3)
  5 large abominations
  6 wraiths
  17 fire elementals
  A shapeshifter (D:13)
  10 golden eyes (Slime:3)
  A human (shapeshifter) (D:13)
  24 yaks
  Grum (D:10)
  4 chaos spawn (Depths:5)
  A human simulacrum (Vaults:1)
  2 basilisks
  A steam dragon (D:12)
  4 swamp worm simulacra (Swamp:4)
  A yaktaur simulacrum (Vaults:4)
  8 vampire mosquitoes
  3 hungry ghosts
  5 wargs
  3 soldier ants
  2 acid dragons
  A swamp worm (shapeshifter) (Vaults:5)
  9 hell hounds
  23 swamp worms
  17 hydra simulacra (Swamp:4)
  13 water moccasins
  A porcupine (shapeshifter) (Depths:5)
  6 porcupines
  A floating eye (Depths:3)
  A floating eye (shapeshifter) (Vaults:5)
  4 sky beasts
  A slave (D:9)
  41 orc warriors
  An ice beast (D:14)
  2 black bears (Lair:6)
  An ogre skeleton (Vaults:1)
  6 swamp drakes
  A necrophage (D:8)
  4 phantoms
  57 ogres
  17 boggarts
  7 eyes of draining
  15 centaurs
  23 wolves
  3 elf zombies (Elf:1)
  5 crocodiles
  15 bullfrogs
  A gnoll sergeant (D:8)
  A wyvern zombie (D:14)
  An earth elemental (Elf:3)
  4 small abominations (Depths:5)
  4 scorpions
  A water moccasin skeleton (D:11)
  18 killer bees
  24 wights
  2 howler monkeys (D:11)
  A howler monkey (shapeshifter) (Vaults:5)
  8 electric eels
  4 bullfrog zombies
  12 crimson imps
  11 hounds
  A quasit (D:10)
  2 iron imps
  10 centaur skeletons
  9 jellies
  19 orc priests
  Crazy Yiuf (D:2)
  27 orc wizards
  3 bullfrog skeletons
  6 iguanas
  Terence (D:2)
  Natasha (thrice) (D:2)
  13 worker ants
  A hound zombie (D:6)
  11 gnolls
  10 adders
  A gnoll (shapeshifter) (Depths:5)
  4 shadow imps
  12 white imps
  4 swamp drake simulacra (Swamp:4)
  7 ufetubi
  An adder skeleton (D:9)
  2 adder zombies
  A worm (D:4)
  A dart slug (D:4)
  10 leopard geckos
  123 orcs
  5 giant cockroaches
  6 goblins
  4 hobgoblins (D:2)
  9 jackals
  3 quokkas
  2 ball pythons
  4 bats
  7 kobolds
  A leopard gecko zombie (D:9)
  9 rats
  A bush (D:15)
  2 fire vortices
  2 fungi
  10 plants
2463 creatures vanquished.

Vanquished Creatures (collateral kills)
  2 orbs of fire
  A juggernaut (Depths:5)
  A Killer Klown (Zot:5)
  2 golden dragons
  11 tentacled monstrosities
  4 Orb Guardians (Zot:5)
  6 acid blobs
  A titan (Vaults:5)
  2 death cobs (Zot:2)
  2 draconian monks
  3 tengu reavers (Vaults:5)
  2 shadow dragons
  6 storm dragons
  A fire giant (Depths:5)
  A balrug (Depths:2)
  2 azure jellies
  A frost giant (Vaults:5)
  A draconian knight (Zot:3)
  3 vault wardens (Vaults:5)
  A draconian shifter (Zot:4)
  An ironheart preserver (Vaults:5)
  4 very ugly things
  2 vampire knights
  3 black draconians
  A yellow draconian (Zot:4)
  4 green draconians
  A stone giant (Vaults:5)
  7 red draconians
  3 white draconians
  3 purple draconians
  A spark wasp (Depths:5)
  An ettin (Vaults:5)
  2 fire dragons
  3 death oozes (Slime:5)
  3 great orbs of eyes
  2 ice dragons
  3 two-headed ogres (Depths:4)
  2 tengu warriors (Depths:4)
  3 ogre magi
  2 spriggan berserkers
  A spriggan (Depths:4)
  A salamander mystic (Depths:2)
  2 hell knights
  A deep elf knight (Elf:3)
  A lindwurm (Lair:5)
  An ironbrand convoker (Vaults:5)
  An orc sorcerer (Orc:2)
  An ugly thing (D:15)
  A moth of wrath (Zot:5)
  A spiny frog (Lair:6)
  2 yaktaurs
  A red devil (Depths:2)
  19 slime creatures
  A hornet (Depths:4)
  2 blink frogs (Lair:5)
  A hippogriff (Lair:5)
  2 dream sheep (Lair:6)
  A wraith (D:13)
  7 fire elementals (Zot:3)
  A hydra simulacrum (Swamp:4)
  An orc warrior (Orc:1)
  A black bear (shapeshifter) (Vaults:1)
  An eye of draining (Slime:5)
  An elf zombie (Elf:1)
  An orc wizard (Orc:2)
  4 orcs
161 creatures vanquished.

Vanquished Creatures (others)
  A curse toe (Zot:3)
  A deep elf master archer (Elf:3)
  2 stone giants
  A reaper (IceCv)
  3 yaktaur captains
  An ogre mage (Depths:1)
  3 centaur warriors
  4 two-headed ogres (Depths:1)
  2 deep elf archers
  A salamander (Depths:2)
  A cyclops (Vaults:1)
  A spiny frog (Swamp:4)
  7 yaktaurs
  2 white imps (IceCv)
  5 ufetubi (IceCv)
  A ball lightning (Zot:1)
  87 fire vortices
  9 fungi
  16 plants
148 creatures vanquished.

Grand Total: 2772 creatures vanquished

Notes
Turn   | Place    | Note
-------+----------+-------------------------------------------
     0 | D:1      | Megalobster the Deep Elf Fire Elementalist began the quest for the Orb.
     0 | D:1      | Reached XP level 1. HP: 10/10 MP: 6/6
   551 | D:1      | Reached XP level 2. HP: 15/15 MP: 8/8
   568 | D:1      | Learned a level 2 spell: Throw Flame
   759 | D:2      | Noticed Natasha
   760 | D:2      | Killed Natasha
   760 | D:2      | Reached XP level 3. HP: 19/19 MP: 10/10
   843 | D:2      | Noticed Natasha
   854 | D:2      | Learned a level 3 spell: Conjure Flame
   872 | D:2      | Killed Natasha
  1164 | D:2      | Reached XP level 4. HP: 21/24 MP: 12/12
  1192 | D:2      | Learned a level 4 spell: Sticky Flame
  1331 | D:2      | Found a runed door.
  1335 | D:2      | Noticed Crazy Yiuf
  1343 | D:2      | Killed Crazy Yiuf
  1479 | D:2      | Reached XP level 5. HP: 28/28 MP: 13/13
  1611 | D:2      | Found a white marble altar of Elyvilon.
  1754 | D:2      | Noticed Terence
  1767 | D:2      | Killed Terence
  2113 | D:2      | Noticed Natasha
  2122 | D:2      | Killed Natasha
  2596 | D:3      | Reached skill level 1 in Fighting
  2767 | D:3      | Found a sacrificial altar of Ru.
  2859 | D:3      | Reached XP level 6. HP: 34/34 MP: 15/15
  2890 | D:3      | Found a shadowy altar of Dithmenos.
  3125 | D:3      | Found a bloodstained altar of Trog.
  3156 | D:3      | Reached skill level 5 in Fire Magic
  3235 | D:3      | You fall through a shaft!
  3774 | D:4      | Reached skill level 5 in Spellcasting
  3979 | D:4      | Reached skill level 1 in Armour
  4279 | D:4      | Learned a level 5 spell: Fireball
  4582 | D:4      | Reached XP level 7. HP: 39/39 MP: 17/17
  4841 | D:5      | Entered Level 5 of the Dungeon
  5162 | D:5      | Found a basalt altar of Yredelemnul.
  5489 | D:5      | Got a translucent bronze amulet
  5490 | D:5      | Identified the amulet "Elokhac" {Reflect rC+ Dex+2 SH+3} (You found it on level 5 of the Dungeon)
  6537 | D:6      | Reached XP level 8. HP: 14/44 MP: 15/19
  6932 | D:6      | Found an ornate altar of the Wu Jian Council.
  7206 | D:6      | Reached skill level 5 in Dodging
  7421 | D:6      | Found an opulent altar of Gozag.
  7630 | D:6      | Found a staircase to the Ecumenical Temple.
  7639 | Temple   | Entered the Ecumenical Temple
  7643 | Temple   | Became a worshipper of Vehumet
  8295 | D:7      | Reached XP level 9. HP: 50/50 MP: 21/21
  8734 | D:7      | Noticed Prince Ribbit
  8739 | D:7      | Killed Prince Ribbit
  9226 | D:8      | Reached * piety under Vehumet
  9226 | D:8      | Offered knowledge of Shock by Vehumet.
  9297 | D:8      | Noticed Joseph
  9318 | D:8      | Killed Joseph
  9755 | D:8      | Found a glowing silver altar of Zin.
  9836 | D:8      | Reached skill level 5 in Conjurations
 10211 | D:8      | Found a hazy altar of Hepliaklqana.
 10329 | D:8      | Found Puema's Assorted Antiques.
 10528 | D:9      | Reached XP level 10. HP: 53/56 MP: 22/25
 10981 | D:9      | Offered knowledge of Sting by Vehumet.
 10982 | D:9      | Reached ** piety under Vehumet
 11352 | D:9      | Noticed a two-headed ogre
 11365 | D:9      | Killed a two-headed ogre
 11638 | D:9      | Found a shimmering altar of Xom.
 11723 | D:10     | Entered Level 10 of the Dungeon
 11841 | D:10     | Found a flagged portal.
 11866 | Bailey   | Entered a bailey
 11872 | Bailey   | Offered knowledge of Stone Arrow by Vehumet.
 11945 | Bailey   | Reached *** piety under Vehumet
 12074 | Bailey   | Noticed an orc knight
 12076 | Bailey   | Noticed an orc knight
 12079 | Bailey   | Killed an orc knight
 12079 | Bailey   | Reached skill level 10 in Spellcasting
 12083 | Bailey   | Noticed an orc knight
 12085 | Bailey   | Noticed an orc knight
 12099 | Bailey   | Killed an orc knight
 12100 | Bailey   | Killed an orc knight
 12253 | Bailey   | Noticed an orc knight
 12274 | Bailey   | Killed an orc knight
 12274 | Bailey   | Offered knowledge of Ignite Poison by Vehumet.
 12276 | Bailey   | Killed an orc knight
 12276 | Bailey   | Reached skill level 5 in Fighting
 12276 | Bailey   | Reached XP level 11. HP: 63/63 MP: 11/27
 12391 | Bailey   | Noticed an orc knight
 12396 | Bailey   | Killed an orc knight
 12396 | Bailey   | Reached skill level 10 in Dodging
 12536 | D:10     | Noticed Grum
 12544 | D:10     | Killed Grum
 13120 | D:10     | Noticed Harold
 13135 | D:10     | Killed Harold
 13482 | D:10     | Found a staircase to the Lair.
 13560 | D:10     | Reached **** piety under Vehumet
 14368 | D:10     | Learned a level 4 spell: Petrify
 14370 | Lair:1   | Entered Level 1 of the Lair of Beasts
 14541 | Lair:1   | Reached skill level 1 in Earth Magic
 14581 | Lair:1   | Found a labyrinth entrance.
 14618 | Lair:1   | Found a frozen archway.
 14627 | IceCv    | Entered an ice cave
 14633 | IceCv    | Learned a level 4 spell: Summon Lightning Spire
 14643 | IceCv    | Offered knowledge of Mephitic Cloud by Vehumet.
 14873 | IceCv    | Killed a reaper
 14985 | IceCv    | Reached skill level 1 in Summonings
 15107 | IceCv    | Found the +2 pair of boots of the Assassin {Detection Stab+ Stlth++}
 15923 | IceCv    | Got a sparkling tin ring
 15933 | IceCv    | Got a crystal demon blade
 16483 | D:10     | Identified the +9 demon blade of Abiho {slice, rElec Str+2} (You found it in an ice cave)
 16486 | D:10     | Identified the ring of Spite {+Blink MR++ Str-2 Dex+3} (You found it in an ice cave)
 16743 | Lair:2   | Reached XP level 12. HP: 54/69 MP: 21/29
 19268 | Lair:3   | Reached skill level 5 in Summonings
 19435 | Lair:3   | Found a hole to the Spider Nest.
 19918 | Lair:4   | Reached skill level 10 in Conjurations
 20719 | Lair:4   | Found a staircase to the Swamp.
 21353 | Lair:5   | Reached skill level 1 in Shields
 21823 | Lair:5   | Found a staircase to the Slime Pits.
 22162 | Lair:6   | Entered Level 6 of the Lair of Beasts
 22183 | Lair:6   | Noticed an eight-headed hydra
 22185 | Lair:6   | Killed an eight-headed hydra
 22448 | Lair:6   | Reached XP level 13. HP: 76/76 MP: 31/31
 22498 | Lair:6   | Reached ***** piety under Vehumet
 22689 | Lair:6   | Offered knowledge of Bolt of Fire by Vehumet.
 22728 | Lair:6   | Learned a level 6 spell: Bolt of Fire
 23021 | Lair:6   | Found a bloodstained altar of Trog.
 24139 | Lair:6   | Noticed a dire elephant
 24304 | Lair:6   | Killed a dire elephant
 24412 | Lair:6   | Got a brightly glowing falchion
 24863 | Lair:2   | Identified the Grimoire of Benedictions
 24954 | D:10     | Identified the +8 falchion of the Spider {flame, *Rage rN+ MR+ Stlth+} (You found it on level 6 of the Lair of Beasts)
 26059 | D:11     | Noticed Snorg
 26264 | D:11     | Offered knowledge of Poison Arrow by Vehumet.
 26272 | D:11     | Learned a level 6 spell: Poison Arrow
 26277 | D:11     | Killed Snorg
 26277 | D:11     | Reached skill level 10 in Fire Magic
 26696 | D:12     | Reached XP level 14. HP: 82/82 MP: 9/33
 26823 | D:12     | Reached skill level 1 in Poison Magic
 27069 | D:12     | Found a staircase to the Orcish Mines.
 27987 | D:12     | Reached skill level 5 in Shields
 28330 | D:12     | Got an ichor-stained hunting sling
 28402 | Orc:1    | Entered Level 1 of the Orcish Mines
 28837 | Orc:1    | Found Zirro's Jewellery Emporium.
 28846 | Orc:1    | Found a roughly hewn altar of Beogh.
 29209 | Orc:2    | Entered Level 2 of the Orcish Mines
 29209 | Orc:2    | Found Zeji Puh's Food Shop.
 29237 | Orc:2    | Offered knowledge of Lightning Bolt by Vehumet.
 29312 | Orc:2    | Found a staircase to the Elven Halls.
 29475 | Orc:2    | Gained mutation: You are frail. (-10% HP) [a neqoxec]
 29841 | Orc:2    | Found a roughly hewn altar of Beogh.
 30521 | Orc:2    | Found Ywnipa's Magic Scroll Boutique.
 30521 | Orc:2    | Found Peghobum's Book Boutique.
 30607 | Orc:2    | Found Wualalui's Antique Weapon Shoppe.
 30607 | Orc:2    | Found Haiseby's Assorted Antiques.
 30717 | Orc:2    | Bought a scroll labeled ZOTRIK TEFRIDGH for 37 gold pieces
 30717 | Orc:2    | Bought a scroll of teleportation for 111 gold pieces
 30717 | Orc:2    | Bought a scroll of identify for 74 gold pieces
 30734 | Orc:2    | Bought a potion of heal wounds for 185 gold pieces
 30744 | Orc:2    | Bought a scroll of enchant armour for 105 gold pieces
 30744 | Orc:2    | Bought a scroll of identify for 28 gold pieces
 30744 | Orc:2    | Bought a scroll of identify for 28 gold pieces
 30744 | Orc:2    | Bought a scroll of amnesia for 49 gold pieces
 30744 | Orc:2    | Bought a scroll of blinking for 105 gold pieces
 30744 | Orc:2    | Bought a scroll of identify for 28 gold pieces
 30748 | Orc:2    | Reached skill level 5 in Armour
 30748 | Orc:2    | Reached XP level 15. HP: 79/79 MP: 35/35
 30751 | Orc:2    | Got a spiked buckler
 30762 | Orc:2    | Identified the +6 buckler of Kusurios {Int+3} (You acquired it on level 2 of the Orcish Mines)
 31328 | D:10     | Identified the +5 hunting sling of the Imperium {flame, rN+ Int-5 Dex+6} (You took it off an orc on level 12 of the Dungeon)
 31737 | D:13     | Noticed Josephine
 31738 | D:13     | Killed Josephine
 32047 | D:13     | Found a gate to the Vaults.
 33097 | D:14     | Offered knowledge of Venom Bolt by Vehumet.
 33168 | D:14     | Learned a level 1 spell: Apportation
 33832 | D:14     | Got a fine leather armour
 33901 | D:14     | Reached skill level 15 in Spellcasting
 34097 | D:14     | Reached XP level 16. HP: 84/84 MP: 31/37
 34134 | D:14     | Got a smoking scale mail
 34467 | D:15     | Entered Level 15 of the Dungeon
 34996 | D:15     | Reached skill level 1 in Evocations
 36093 | D:15     | Found a staircase to the Depths.
 36348 | D:10     | Identified the cursed +0 leather armour of Purpose {rElec rF+++ Str-2 Int+3} (You took it off a wizard on level 14 of the Dungeon)
 36435 | Swamp:1  | Entered Level 1 of the Swamp
 36868 | Swamp:1  | Noticed mortelune's ghost (journeyman DrCj)
 36876 | Swamp:1  | Killed mortelune's ghost
 37353 | Swamp:1  | Offered knowledge of Ozocubu's Refrigeration by Vehumet.
 37917 | Swamp:2  | Noticed a thorn hunter
 37924 | Swamp:2  | Killed a thorn hunter
 38740 | Swamp:3  | Reached skill level 5 in Evocations
 39140 | Swamp:3  | Noticed ZomBoFoB's ghost (adept OgGl)
 39152 | Swamp:3  | Killed ZomBoFoB's ghost
 39913 | Swamp:3  | Offered knowledge of Orb of Destruction by Vehumet.
 39922 | Swamp:3  | Learned a level 7 spell: Orb of Destruction
 40638 | Swamp:4  | Entered Level 4 of the Swamp
 40954 | Swamp:4  | Reached XP level 17. HP: 90/90 MP: 24/38
 41621 | Swamp:4  | Noticed Aizul
 41626 | Swamp:4  | Killed Aizul
 42152 | Swamp:4  | Got a decaying rune of Zot
 42613 | Swamp:2  | Offered knowledge of Conjure Ball Lightning by Vehumet.
 42816 | Spider:1 | Entered Level 1 of the Spider Nest
 43309 | Spider:1 | Reached skill level 15 in Dodging
 44879 | Spider:2 | Got a smoking rapier
 45586 | Spider:2 | Got a clouded bronze amulet
 45592 | Spider:2 | Identified the amulet of Oriclir {Faith MR+} (You found it on level 2 of the Spider Nest)
 46233 | Spider:3 | Got a warped buckler
 46385 | D:10     | Identified the cursed +0 buckler of Ashenzari's Reproof {Int+2} (You found it on level 3 of the Spider Nest)
 46396 | D:10     | Identified the cursed +1 scale mail of Qociulom {Str-4 Int+4 Dex+3} (You found it on level 14 of the Dungeon)
 46419 | D:10     | Identified the cursed +1 rapier of the Shallot {elec, +Rage Str+5} (You found it on level 2 of the Spider Nest)
 46889 | Spider:3 | Reached skill level 10 in Fighting
 47144 | Spider:3 | Reached ****** piety under Vehumet
 47151 | Spider:3 | Noticed Azrael
 47178 | Spider:3 | Killed Azrael
 48369 | Spider:4 | Entered Level 4 of the Spider Nest
 48375 | Spider:3 | Offered knowledge of Glaciate by Vehumet.
 48375 | Spider:3 | Offered knowledge of Tornado by Vehumet.
 48375 | Spider:3 | Offered knowledge of Ignition by Vehumet.
 48479 | Spider:3 | Learned a level 8 spell: Ignition
 48817 | Spider:4 | Reached XP level 18. HP: 97/97 MP: 20/40
 50744 | D:10     | Upgraded the game from 0.21-a0-641-geef9d7f to 0.22-a0
 50829 | Elf:1    | Entered Level 1 of the Elven Halls
 50984 | Elf:1    | Noticed Roxanne
 50991 | Elf:1    | Killed Roxanne
 51313 | Elf:1    | Reached skill level 15 in Fire Magic
 51888 | Elf:1    | Identified Kikubaaqudgha's Papyrus of Evil
 52496 | Elf:1    | Found Suwat's Food Shoppe.
 52500 | Elf:1    | Bought a ration for 65 gold pieces
 52500 | Elf:1    | Bought a ration for 65 gold pieces
 52500 | Elf:1    | Bought a ration for 65 gold pieces
 52500 | Elf:1    | Bought a ration for 65 gold pieces
 52500 | Elf:1    | Bought a ration for 65 gold pieces
 54138 | Elf:2    | Found a huge runed gate.
 54163 | Elf:2    | Reached skill level 15 in Conjurations
 54294 | Elf:2    | Found a huge runed gate.
 54294 | Elf:2    | Found a huge runed gate.
 54294 | Elf:2    | Found a huge runed gate.
 54301 | Elf:2    | Found a huge runed gate.
 55959 | Elf:3    | Entered Level 3 of the Elven Halls
 57244 | Elf:3    | Reached XP level 19. HP: 89/101 MP: 23/42
 58917 | Elf:3    | Got a slimy spear {protect}
 59272 | Elf:3    | Got a pitted ruby amulet
 59273 | Elf:3    | Got a transparent plate armour
 59281 | Elf:3    | Identified the amulet of Lokhlof {Spirit rPois rF+ Int+4 SInv} (You took it off a deep elf high priest on level 3 of the Elven Halls)
 59401 | Elf:3    | Got a scintillating turquoise ring
 59432 | Elf:3    | Got a scorched ring mail
 59434 | Elf:3    | Identified Sif Muna's Volume of Torrid Earth
 59486 | Elf:3    | Identified the +5 spear of Riezoalu {protect, +Inv rC+ Str+2 Int+3} (You took it off a deep elf sorcerer on level 3 of the Elven Halls)
 59511 | Elf:3    | Identified the +6 plate armour of Ashenzari's Esteem {rElec Regen+ Int+5 Dex-4} (You took it off a deep elf high priest on level 3 of the Elven Halls)
 59521 | Elf:3    | Identified the +4 ring mail of the Trees {Dex+5 Stlth+} (You found it on level 3 of the Elven Halls)
 59534 | Elf:3    | Identified the ring of Paokil {*Slow +Blink +Inv +Fly Str+9} (You took it off a deep elf elementalist on level 3 of the Elven Halls)
 59583 | Elf:3    | Identified the Volume of Execration
 59585 | Elf:3    | Identified the Disquisition on Toxins and Aid
 59630 | Elf:3    | Identified the Catalogue of the Ashen Escort
 60143 | Elf:3    | Got a faintly humming buckler
 60154 | Elf:3    | Identified the +2 buckler of a volcano {MP+9 Dex+2} (You acquired it on level 3 of the Elven Halls)
 60351 | D:10     | Learned a level 6 spell: Iron Shot
 62241 | Spider:4 | Got a gossamer rune of Zot
 62529 | Vaults:1 | Entered Level 1 of the Vaults
 62836 | Vaults:1 | Found a magical portal.
 62865 | WizLab   | Entered The Roulette of Golubria
 62865 | WizLab   | Found a transporter.
 63005 | Vaults:1 | Noticed Saint Roka
 63013 | Vaults:1 | Killed Saint Roka
 63743 | Vaults:1 | Reached XP level 20. HP: 108/108 MP: 41/44
 63964 | Vaults:1 | Reached skill level 5 in Earth Magic
 67094 | Vaults:3 | Found Bouxtos's Weapon Boutique.
 67225 | Vaults:3 | Reached skill level 10 in Earth Magic
 68027 | Vaults:3 | Found a staircase to the Crypt.
 68986 | Vaults:3 | Reached XP level 21. HP: 111/111 MP: 27/47
 69077 | Vaults:3 | Got a translucent double sword {vamp}
 69078 | Vaults:3 | Identified the +8 double sword of Disharmony {vamp, rPois Dex+2} (You took it off an ogre mage on level 3 of the Vaults)
 69440 | Vaults:3 | Noticed Xtahua
 69446 | Vaults:3 | Killed Xtahua
 70326 | D:10     | Learned a level 6 spell: Shadow Creatures
 71153 | Vaults:4 | Got an encrusted helmet
 71154 | Vaults:4 | Identified the +2 helmet "Plog" {rF- Regen+ rCorr Dex+7} (You found it on level 4 of the Vaults)
 71674 | Vaults:4 | Found a flickering gateway to a bazaar.
 73375 | Vaults:4 | Reached XP level 22. HP: 118/118 MP: 42/48
 75126 | Orc:1    | Bought the ring "Rauss" {Wiz rN+} for 618 gold pieces
 75140 | Orc:2    | Bought a ration for 65 gold pieces
 75140 | Orc:2    | Bought a ration for 65 gold pieces
 75140 | Orc:2    | Bought a ration for 65 gold pieces
 75140 | Orc:2    | Bought a ration for 65 gold pieces
 75140 | Orc:2    | Bought a ration for 65 gold pieces
 75140 | Orc:2    | Bought a ration for 65 gold pieces
 75140 | Orc:2    | Bought a ration for 65 gold pieces
 75140 | Orc:2    | Bought a ration for 65 gold pieces
 75140 | Orc:2    | Bought a ration for 65 gold pieces
 75140 | Orc:2    | Bought a ration for 65 gold pieces
 75140 | Orc:2    | Bought a ration for 65 gold pieces
 75140 | Orc:2    | Bought a ration for 65 gold pieces
 75140 | Orc:2    | Bought a ration for 65 gold pieces
 75140 | Orc:2    | Bought a ration for 65 gold pieces
 75140 | Orc:2    | Bought a ration for 65 gold pieces
 75329 | Depths:1 | Entered Level 1 of the Depths
 77563 | Depths:1 | Found a gateway to Hell.
 78602 | Depths:2 | Found a shattered altar of Ashenzari.
 80487 | Depths:3 | Reached XP level 23. HP: 124/124 MP: 35/50
 80498 | Depths:3 | Paralysed by a floating eye for 4 turns
 81229 | Depths:3 | Found a gateway to a ziggurat.
 81999 | Depths:3 | Found a one-way gate leading to the halls of Pandemonium.
 83398 | Depths:4 | Got a crude robe
 83399 | Depths:4 | Identified the +1 robe "Qausch" {MR+} (You took it off a tengu conjurer on level 4 of the Depths)
 83428 | Depths:4 | Found a radiant altar of Vehumet.
 83445 | Depths:4 | Got an ichor-stained hat
 83458 | Depths:4 | Identified the +2 hat of the Hidden Vale {rPois} (You found it on level 4 of the Depths)
 83521 | Depths:4 | Learned a level 7 spell: Spellforged Servitor
 83702 | Depths:4 | Found a shimmering altar of Xom.
 84748 | Depths:4 | Found a one-way gate to the infinite horrors of the Abyss.
 84964 | Depths:4 | Found Tuecog's Gadget Boutique.
 84964 | Depths:4 | Found Axzux's Jewellery Shoppe.
 84965 | Depths:4 | Found Qanoenk's Jewellery Shoppe.
 86426 | Depths:5 | Entered Level 5 of the Depths
 86920 | Depths:5 | Noticed a caustic shrike
 86920 | Depths:5 | Noticed a caustic shrike
 86922 | Depths:5 | Noticed a caustic shrike
 86922 | Depths:5 | Noticed a caustic shrike
 86922 | Depths:5 | Noticed a caustic shrike
 86924 | Depths:5 | Killed a caustic shrike
 86924 | Depths:5 | Reached XP level 24. HP: 118/130 MP: 22/50
 88395 | Depths:5 | Found a gate to the Realm of Zot.
 89039 | Depths:5 | Noticed a juggernaut
 89047 | Depths:5 | Killed a juggernaut
 89564 | Depths:5 | Got a pair of faintly humming gloves
 89575 | Depths:5 | Identified the +2 pair of gloves of Words of Power {Int-4 Dex+6} (You acquired it on level 5 of the Depths)
 90143 | Slime:1  | Entered Level 1 of the Pits of Slime
 91144 | Slime:2  | Reached skill level 15 in Earth Magic
 91569 | Slime:3  | Reached XP level 25. HP: 129/136 MP: 46/51
 91701 | Slime:5  | Entered Level 5 of the Pits of Slime
 93398 | Slime:5  | Noticed the Royal Jelly
 93400 | Slime:5  | Killed the Royal Jelly
 93668 | Slime:5  | Found the +2 shield of Resistance {rF+ rC+ MR+}
 93745 | Slime:5  | Got a slimy rune of Zot
 93798 | Slime:5  | Got a vibrating zirconium amulet
 93799 | Slime:5  | Identified the amulet "Joiwk" {Gourm Str+2} (You found it on level 5 of the Pits of Slime)
 93822 | Slime:5  | Got a twisted ring mail
 93827 | Slime:5  | Got a smoking leather armour
 93880 | Slime:5  | Got a scintillating platinum amulet
 93894 | Slime:5  | Identified the amulet "Donoh" {Faith SInv} (You found it on level 5 of the Pits of Slime)
 93903 | Slime:5  | Got an ichor-stained mace
 93910 | Slime:5  | Identified the +9 mace "Zephavec" {flame, MR+ Str+2 Dex+3 Stlth+} (You found it on level 5 of the Pits of Slime)
 93938 | Slime:5  | Identified the +1 leather armour of Bior {rElec MR- rCorr} (You found it on level 5 of the Pits of Slime)
 93948 | Slime:5  | Identified the cursed +1 ring mail of the World {rC+ Dex+3} (You found it on level 5 of the Pits of Slime)
 94577 | Depths:4 | Bought an uncursed ring of see invisible for 270 gold pieces
 94945 | D:8      | Bought a scroll of fog for 50 gold pieces
 94945 | D:8      | Bought a scroll of teleportation for 75 gold pieces
 95600 | Zot:1    | Entered Level 1 of the Realm of Zot
 96007 | Vaults:5 | Entered Level 5 of the Vaults
 96232 | Vaults:5 | Reached XP level 26. HP: 87/144 MP: 24/51
 97912 | Vaults:5 | Found the +3 mace of Variability {chaos}
 97969 | Vaults:5 | Learned a level 9 spell: Fire Storm
 98013 | Vaults:5 | Noticed an ancient lich
 98015 | Vaults:5 | Killed an ancient lich
 98133 | Vaults:5 | Got a silver rune of Zot
 98750 | Vaults:5 | Identified the Collected Works on Fetching Ice
 98802 | Vaults:5 | Got a glittering bone amulet
 98803 | Vaults:5 | Identified the amulet of Accord {Gourm rElec MR+ Str+7 Int-2} (You took it off a deep elf demonologist on level 5 of the Vaults)
 99030 | Vaults:5 | Got a pair of faintly glowing gloves
 99041 | Vaults:5 | Identified the +1 pair of gloves of Cuitab {Stlth+} (You found it on level 5 of the Vaults)
100109 | Zot:1    | Reached skill level 10 in Shields
100119 | Zot:1    | Got a translucent scale mail
100120 | Zot:1    | Identified the +5 scale mail of Byug {rF+ Regen+ Dex-4} (You found it on level 1 of the Realm of Zot)
100582 | Zot:1    | Reached skill level 15 in Fighting
101996 | Zot:2    | Noticed an orb of fire
102003 | Zot:2    | Gained mutation: You passively map a small area around you. [an orb of fire]
102009 | Zot:2    | Killed an orb of fire
102345 | Zot:2    | Got a faintly glowing ring mail
102346 | Zot:2    | Identified the +2 ring mail of the Trombone {rC- Dex+7} (You found it on level 2 of the Realm of Zot)
102785 | Zot:2    | Reached XP level 27. HP: 149/149 MP: 26/52
107062 | Zot:4    | Got a warped leather armour
107067 | Zot:4    | Identified the +1 leather armour of the Cockroach {rN++ Int+3 Dex+2} (You found it on level 4 of the Realm of Zot)
107433 | Zot:5    | Entered Level 5 of the Realm of Zot
108328 | Zot:5    | Noticed an ancient lich
108332 | Zot:5    | Killed an ancient lich
108724 | Zot:5    | Noticed an orb of fire
108740 | Zot:5    | Killed an orb of fire
108947 | Zot:5    | Noticed an orb of fire
108954 | Zot:5    | Gained mutation: You are dopey. (Int -2) [an orb of fire]
108955 | Zot:5    | Gained mutation: Your spells are a little easier to cast, but a little less powerful. [an orb of fire]
108964 | Zot:5    | Killed an orb of fire
108972 | Zot:5    | Noticed an orb of fire
108974 | Zot:5    | Noticed an orb of fire
108991 | Zot:5    | Gained mutation: You are clumsy. (Dex -2) [an orb of fire]
108995 | Zot:5    | HP: 2/151 [Orb Guardian (36)]
108995 | Zot:5    | Annihilated by an Orb Guardian

Vault maps used:
D:1:      dpeg_arrival_rooms_with_view
D:2:      overflow_temple_1_default, uniq_crazy_yiuf_cottage, uniq_terence,
          uniq_natasha
D:3:      old_standard_altar, lemuel_crystal_altar, first_ration,
          nicolae_ru_awakened_eye
D:5:      nicolae_overflow_hidden_temple
D:6:      lemuel_doored_altar, lemuel_round_altar, temple_green
D:7:      uniq_pikel, uniq_prince_ribbit1
D:8:      kennysheep_mini, old_standard_altar, serial_shops, shop_statue,
          uniq_joseph
D:9:      basic_altar
D:10:     erik_lair_island, enter_bailey_2, david_nohive_1, uniq_harold,
          uniq_grum
D:11:     cheibrodos_wizards_tower, uniq_snorg
D:12:     wad_river_or_something, david_orc_2
D:13:     david_vaults_1, grunt_ministairs_13, hangedman_decor_push,
          uniq_josephine
D:14:     infiniplex_staircase_trident, serial_ice, serial_ice_m, serial_ice_n,
          serial_ice_c, serial_ice_h, minmay_bent
D:15:     grunt_enter_depths_hoard, serial_park_gazebo, serial_bayou,
          serial_bayou_lake_a, serial_bayou_pond_c, serial_bayou_lagoon_a
Temple:   zaba_magenta_temple
Lair:1:   portal_ice_cave_entry_pillars_2, lab_entry_generic, grunt_megastairs_4
Lair:2:   dpeg_oklob_gauntlet
Lair:3:   spider_nest_entry_rubble
Lair:4:   nicolae_swamp_entry_splash_gauntlet, infiniplex_staircase_pool
Lair:5:   slime_dummy, lemuel_fruit_fields
Lair:6:   grunt_lair_end_beastmaster, lemuel_oklob_altar
Swamp:1:  hangedman_swamp_ruin_wall
Swamp:2:  serial_swamp_ruin, evilmike_swamp_ruin_rubble_1,
          evilmike_swamp_ruin_rubble_2
Swamp:3:  evilmike_swamp_ruin_house_4
Swamp:4:  swamp_icy, uniq_aizul
Spider:1: spider_trap
Spider:2: nicolae_spider_cling_ruins
Spider:3: uniq_azrael
Spider:4: grunt_spider_rune_circles
Orc:1:    serial_shops, nicolae_shop_statue_plus, basic_altar
Orc:2:    st_orc_elflike, serial_shops, shop, basic_altar
Elf:1:    serial_shops, shop, minmay_elf_necromancy, uniq_roxanne
Elf:3:    minmay_elf_hall_x
Vaults:1: v_misc_31, ontoclasm_vaults_fault, v_alt_pattern_1,
          vaults_room_stairs_pillars, hangedman_vaults_impose,
          hangedman_vaults_variations, nicolae_vaults_little_squares_4,
          infiniplex_enter_wizlab_glasses, uniq_saint_roka
Vaults:2: vaults_room_door_hall, ontoclasm_vaults_ring_square,
          ontoclasm_vaults_claustrophobia, v_misc_29, ontoclasm_vaults_idyll,
          vaults_standard_mumra_lines, nicolae_vaults_yaktaur_gun_rack,
          vaults_room_door_hall, ontoclasm_vaults_spin,
          vaults_mumra_chevron_long, nicolae_vaults_little_squares_4,
          nicolae_vaults_display_case
Vaults:3: ontoclasm_vaults_tryst, minmay_crypt_entry_vampire_xt,
          vaults_standard_mumra_enter_the_diamond, ontoclasm_vaults_bender,
          vaults_room_glass_cross, v_rooms_6, vaults_room_door_ring,
          nicolae_vaults_rhombus_5, serial_shops, nicolae_shop_waterfront,
          uniq_xtahua
Vaults:4: v_alt_pattern_3, v_misc_4, vaults_mumra_lcd, st_quartered_hall,
          hangedman_vaults_stagger, ontoclasm_vaults_eye, v_misc_19, v_misc_10,
          hangedman_vaults_trim, nicolae_vaults_border_crossing,
          nicolae_vaults_diagonal_hallway_7, serial_shops, bzr_entry_customers
Vaults:5: serial_shops
Depths:1: lemuel_flame_loot_2, minmay_crystal_water,
          grunt_hell_entry_demonic_statue, kennysheep_generic_room_6
Depths:2: evilmike_wizard_prison, hellmouth_1, nicolae_lava_and_water,
          nrook_pool_corridor, evilmike_ruin_ashenzari
Depths:3: minmay_dotted_concentric_squares, enter_ziggurat_e,
          grunt_hell_entry_dis_old, rand_demon_pan_entry_5, abandoned_shop
Depths:4: minmay_the_grid_octo_2x2, pan_entry, pf_dread_powers_of_hell,
          serial_bayou_pond_d, hangedman_abyss_entry_splay,
          grunt_tower_of_power, minmay_shop_grove
Depths:5: grunt_x_marks_the_spot, hangedman_abyss_or_decor_stabs,
          minmay_room_of_horrors, hell_entry, kennysheep_random_hallway
Zot:1:    st_stairs_5, bh_zot_ikea_curve, grunt_ministairs_3,
          hangedman_snake_sidewinding
Zot:3:    lemuel_firehouse
Bailey:   bailey_polearm_5, bailey
IceCv:    ice_cave_small_demon
WizLab:   wizlab_golubria

Skill      XL: |  1  2  3  4  5  6  7  8  9 10 11 12 13 14 15 16 17 18 19 20 21 22 23 24 25 26 27 |
---------------+----------------------------------------------------------------------------------+-----
Conjurations   | 2 3 5 8 9 10 12 13 14 15 16 17 18 20 21 22 23 | 23.6
Spellcasting   | 4 5 6 7 9 10 11 12 13 14 15 16 17 18 20 21 22 23 | 23.5
Fire Magic     | 4 5 6 7 8 9 10 11 13 14 15 16 17 19 20 21 22 | 22.3
Dodging        | 3 4 5 7 9 11 12 13 14 15 16 17 18 19 20 | 20.6
Fighting       | 1 2 3 5 6 7 8 9 10 11 12 13 14 15 | 15.9
Armour         | 1 2 4 5 6 7 8 9 |  9.0
Earth Magic    | 2 4 11 12 15 16 | 16.8
Summonings     | 3 6 8 |  8.7
Shields        | 2 4 5 6 9 11 12 | 12.9
Poison Magic   | 2 |  2.5
Evocations     | 6 7 |  7.4
Stealth        | |  2.4

Action                   |  1- 3 |  4- 6 |  7- 9 | 10-12 | 13-15 | 16-18 | 19-21 | 22-24 | 25-27 || total
-------------------------+-------+-------+-------+-------+-------+-------+-------+-------+-------++-------
Melee: Dagger            |     2 |     1 |       |       |       |       |       |       |       ||     3
       Quarterstaff      |       |     1 |       |       |       |       |       |       |       ||     1
       Short sword       |       |       |    53 |    33 |       |       |       |       |       ||    86
       Demon blade       |       |       |       |    13 |    82 |    85 |    12 |    17 |     8 ||   217
       Staff             |       |       |       |       |       |       |       |       |     1 ||     1
Throw: Stone             |       |       |    16 |       |     1 |       |       |       |       ||    17
 Cast: Flame Tongue      |    27 |   140 |   203 |   336 |   149 |    93 |    21 |    22 |     6 ||   997
       Conjure Flame     |       |     6 |    13 |    17 |    14 |     3 |     7 |     1 |       ||    61
       Throw Flame       |       |     6 |    56 |    63 |     6 |       |       |       |       ||   131
       Fireball          |       |       |    11 |    81 |    67 |    65 |    18 |    19 |       ||   261
       Sticky Flame      |       |       |    15 |    54 |    28 |    59 |    18 |    13 |     6 ||   193
       Summon Lightning  |       |       |       |     1 |    10 |    17 |    16 |     4 |       ||    48
       Bolt of Fire      |       |       |       |       |   169 |   196 |   166 |   183 |    61 ||   775
       Poison Arrow      |       |       |       |       |    34 |   217 |   103 |   175 |   124 ||   653
       Orb of Destructio |       |       |       |       |       |    92 |    86 |    69 |    52 ||   299
       Ignition          |       |       |       |       |       |    10 |    83 |   106 |    99 ||   298
       Apportation       |       |       |       |       |       |     1 |     3 |    10 |     1 ||    15
       Petrify           |       |       |       |       |       |     1 |       |       |       ||     1
       Iron Shot         |       |       |       |       |       |       |    86 |    78 |    88 ||   252
       Shadow Creatures  |       |       |       |       |       |       |     1 |     4 |    16 ||    21
       Spellforged Servi |       |       |       |       |       |       |       |    15 |    65 ||    80
       Fire Storm        |       |       |       |       |       |       |       |       |    70 ||    70
 Abil: Evoke Blink       |       |       |       |       |       |       |     2 |     2 |       ||     4
Evoke: Wand              |       |       |       |       |     3 |     6 |     1 |     3 |       ||    13
       Phial of floods   |       |       |       |       |       |     1 |       |       |       ||     1
  Use: Scroll            |       |       |     7 |    10 |    15 |    15 |     8 |     7 |    19 ||    81
       Potion            |       |       |       |     3 |     2 |    18 |     7 |     2 |    23 ||    55
 Stab: Sleeping          |     2 |     1 |     1 |       |     2 |     3 |       |       |       ||     9
       Distracted        |       |       |       |       |       |     1 |       |     1 |     1 ||     3
  Eat: Chunk             |       |    10 |     9 |    15 |    48 |    31 |    38 |    10 |     5 ||   166
       Ration            |       |     1 |     4 |     9 |     7 |    22 |    10 |    17 |    21 ||    91
Armor: Robe              |       |     4 |     4 |    28 |    18 |    58 |    15 |    20 |    19 ||   166
       Leather armour    |       |     4 |    25 |       |       |       |       |       |     4 ||    33
       Skin              |       |       |       |       |       |     8 |       |       |       ||     8
Dodge: Dodged            |     6 |    16 |    87 |   113 |    82 |   260 |    85 |   115 |   161 ||   925
Block: Other             |       |       |    10 |     8 |       |       |       |       |       ||    18
       Reflection        |       |       |     2 |       |     8 |    20 |    27 |    28 |     8 ||    93
       Buckler           |       |       |       |     2 |    64 |   254 |    77 |    91 |    10 ||   498
       Shield            |       |       |       |       |       |       |       |       |    93 ||    93
       Rpst.: Demon blade |       |       |       |    15 |    24 |    55 |     8 |    13 |     6 ||   121

Table legend:
 A = Spawn XP
 B = Non-spawn XP
 C = Spawn XP percentage of total XP
 D = Spawn monster count
 E = Non-spawn monster count
 F = Spawn count percentage of total count
 G = Total turns spent on level
                    A         B        C        D         E        F      G
               +---------+---------+-------+---------+---------+-------+---------
         Total |       0 | 1664925 |   0.0 |       0 |    2613 |   0.0 | 108995
               +---------+---------+-------+---------+---------+-------+---------
           D:1 |       0 |      14 |   0.0 |       0 |      12 |   0.0 |   706
           D:2 |       0 |     286 |   0.0 |       0 |      28 |   0.0 |  1816
           D:3 |       0 |     104 |   0.0 |       0 |      18 |   0.0 |  1194
           D:4 |       0 |     440 |   0.0 |       0 |      15 |   0.0 |  1199
           D:5 |       0 |     440 |   0.0 |       0 |      30 |   0.0 |  1276
           D:6 |       0 |    1156 |   0.0 |       0 |      33 |   0.0 |  1891
           D:7 |       0 |    1057 |   0.0 |       0 |      17 |   0.0 |   809
           D:8 |       0 |    1695 |   0.0 |       0 |      25 |   0.0 |  1546
           D:9 |       0 |    2470 |   0.0 |       0 |      31 |   0.0 |  1410
          D:10 |       0 |    4574 |   0.0 |       0 |      39 |   0.0 |  3803
          D:11 |       0 |    6871 |   0.0 |       0 |      40 |   0.0 |  2326
          D:12 |       0 |    7896 |   0.0 |       0 |      60 |   0.0 |  1862
          D:13 |       0 |    9549 |   0.0 |       0 |      28 |   0.0 |  1953
          D:14 |       0 |   16260 |   0.0 |       0 |      54 |   0.0 |  1537
          D:15 |       0 |   18362 |   0.0 |       0 |      36 |   0.0 |  2461
        Lair:1 |       0 |    1060 |   0.0 |       0 |       6 |   0.0 |  1042
        Lair:2 |       0 |    6288 |   0.0 |       0 |      21 |   0.0 |  1758
        Lair:3 |       0 |    3977 |   0.0 |       0 |      18 |   0.0 |  2294
        Lair:4 |       0 |    3727 |   0.0 |       0 |      20 |   0.0 |  1190
        Lair:5 |       0 |    3507 |   0.0 |       0 |      17 |   0.0 |  1462
        Lair:6 |       0 |   19768 |   0.0 |       0 |      57 |   0.0 |  2370
       Swamp:1 |       0 |    8195 |   0.0 |       0 |      21 |   0.0 |  1200
       Swamp:2 |       0 |   12193 |   0.0 |       0 |      20 |   0.0 |  1904
       Swamp:3 |       0 |   16529 |   0.0 |       0 |      38 |   0.0 |  1282
       Swamp:4 |       0 |   24412 |   0.0 |       0 |      67 |   0.0 |  1852
      Spider:1 |       0 |   16775 |   0.0 |       0 |      44 |   0.0 |  2091
      Spider:2 |       0 |   10433 |   0.0 |       0 |      26 |   0.0 |  1804
      Spider:3 |       0 |   23240 |   0.0 |       0 |      62 |   0.0 |  3599
      Spider:4 |       0 |   38209 |   0.0 |       0 |      80 |   0.0 |  1939
       Slime:1 |       0 |   28472 |   0.0 |       0 |      38 |   0.0 |   615
       Slime:2 |       0 |   29250 |   0.0 |       0 |      50 |   0.0 |   562
       Slime:3 |       0 |   18496 |   0.0 |       0 |      39 |   0.0 |   910
       Slime:4 |       0 |   12516 |   0.0 |       0 |      30 |   0.0 |   764
       Slime:5 |       0 |   44808 |   0.0 |       0 |      37 |   0.0 |  1140
         Orc:1 |       0 |    2738 |   0.0 |       0 |      29 |   0.0 |   870
         Orc:2 |       0 |   10659 |   0.0 |       0 |      59 |   0.0 |  1922
         Elf:1 |       0 |   16361 |   0.0 |       0 |      29 |   0.0 |  1755
         Elf:2 |       0 |   45324 |   0.0 |       0 |      62 |   0.0 |  3474
         Elf:3 |       0 |   62701 |   0.0 |       0 |      60 |   0.0 |  4034
      Vaults:1 |       0 |   39898 |   0.0 |       0 |      68 |   0.0 |  2271
      Vaults:2 |       0 |   43102 |   0.0 |       0 |      75 |   0.0 |  2427
      Vaults:3 |       0 |   72599 |   0.0 |       0 |     101 |   0.0 |  4323
      Vaults:4 |       0 |  129503 |   0.0 |       0 |     174 |   0.0 |  3753
      Vaults:5 |       0 |  149657 |   0.0 |       0 |     145 |   0.0 |  2754
      Depths:1 |       0 |   41027 |   0.0 |       0 |      62 |   0.0 |  3026
      Depths:2 |       0 |   39778 |   0.0 |       0 |      51 |   0.0 |  2667
      Depths:3 |       0 |   77956 |   0.0 |       0 |      78 |   0.0 |  2080
      Depths:4 |       0 |   80364 |   0.0 |       0 |      87 |   0.0 |  3437
      Depths:5 |       0 |  113117 |   0.0 |       0 |      97 |   0.0 |  3616
         Zot:1 |       0 |   71836 |   0.0 |       0 |      52 |   0.0 |  1382
         Zot:2 |       0 |   58286 |   0.0 |       0 |      33 |   0.0 |  1822
         Zot:3 |       0 |   42485 |   0.0 |       0 |      50 |   0.0 |  3313
         Zot:4 |       0 |   66925 |   0.0 |       0 |      37 |   0.0 |  1169
         Zot:5 |       0 |  100916 |   0.0 |       0 |      46 |   0.0 |  1153
        Bailey |       0 |    4316 |   0.0 |       0 |      40 |   0.0 |   651
         IceCv |       0 |    2348 |   0.0 |       0 |      21 |   0.0 |  1516
               +---------+---------+-------+---------+---------+-------+---------
